 Dungeon Crawl Stone Soup version 0.15.0-23-gc2b521c (console) character file.

2293 gw the Grappler (level 9, -9/88 HPs)
             Began as a Troll Monk on Sept 10, 2014.
             Was an Elder of Okawaru.
             Mangled by an orc warrior
             ... wielding a +0 short sword
              (16 damage)
             ... on Level 7 of the Dungeon.
             The game lasted 00:04:37 (5802 turns).

gw the Grappler (Troll Monk)                        Turns: 5802, Time: 00:04:37

HP  -9/88        AC  9     Str 21      XL: 9   Next: 17%
MP   8/10        EV 13     Int  6      God: Okawaru [****..]
Gold 0           SH  0     Dex 15      Spells:  0 memorised,  8 levels left

rFire  . . .     SeeInvis .       - Unarmed
rCold  . . .     Clarity  .     i - +2 robe {MR+}
rNeg   . . .     rCorr    .     (shield restricted)
rPois  .         rRot     .     n - +2 hat
rElec  .         Spirit   .     (no cloak)
SustAb .         Warding  .     (gloves unavailable)
rMut   .         Stasis   .     (boots unavailable)
Gourm  +                        (no amulet)
MR     +....                    (no ring)
                                e - cursed -3 ring of evasion

@: heroism, somewhat resistant to hostile enchantments, fairly stealthy
A: unfitting armour, claws 3, fast metabolism 3, gourmand, regeneration 2,
saprovore 2, shaggy fur 1, tough skin 2
a: Heroism, Renounce Religion


You were on level 7 of the Dungeon.
You worshipped Okawaru.
Okawaru was greatly pleased with you.
You were very full.

You visited 1 branch of the dungeon, and saw 7 of its levels.

Inventory:

Missiles
 a - 2 silver tomahawks (quivered)
 f - 62 stones
Armour
 i - a +2 robe of magic resistance (worn)
 n - a +2 hat (worn)
Magical devices
 m - a wand of enslavement (11)
Comestibles
 b - 4 meat rations
 c - 5 bread rations
 h - a slice of pizza
 k - 8 fruits
Scrolls
 d - 3 scrolls of remove curse
 g - 8 scrolls of identify
 j - a scroll of recharging {unknown}
Jewellery
 e - a cursed -3 ring of evasion (left claw)
Potions
 l - 2 potions of curing


   Skills:
 + Level 5.0(10.0) Fighting
 + Level 4.1(9.1) Throwing
 + Level 4.9(9.9) Dodging
 - Level 1.1(6.1) Stealth
 * Level 8.2(13.2) Unarmed Combat
 + Level 4.0 Invocations


You had 8 spell levels left.
You didn't know any spells.

Dungeon Overview and Level Annotations

Branches:
Dungeon (7/15)             Temple (0/1) D:4

Altars:
Cheibriados
Nemelex Xobeh
Okawaru
Trog
The Shining One

Shops:
D:4 !


Innate Abilities, Weirdness & Mutations

You are too large for most types of armour.
You have claws for hands.
Your metabolism is lightning-fast.
You like to eat raw meat.
You heal very quickly.
You can eat rotten meat.
You are covered in fur (AC +1).
You have very tough skin (AC +2).


Message History

The orc hits you but does no damage.
The orc warrior hits you with a short sword!
Use which ability? (? or * to list)
You gain the combat prowess of a mighty hero.
You feel slightly less full.
The orc is no longer bleeding.
The orc closely misses you.
The orc warrior hits you but does no damage.
ATTACK MOVE TO (-1,1)
You scratch the orc.
You kill the orc!
Okawaru accepts your kill.
ATTACK MOVE TO (0,1)
You barely miss the orc warrior.
The orc warrior is almost dead.
The orc warrior hits you with a short sword!
ATTACK MOVE TO (0,1)
You closely miss the orc warrior.
The orc warrior is almost dead.
The orc warrior hits you with a short sword!
You die...

##.....## ###.##
##....# ##.## #...##
#... . ##....# ##.. ...
##.....## #..
#..####..(##..### ###..
#.......(#####..###....
##.....(## ##....####
#...)T.# ######
#...%o## #....(# #
#.....# # #.....# ##
###..## ##. ### ##.#
###.## ###..##


You could see an orc warrior (bleeding).

Table legend:
 A = Turns spent in this place as a percentage of turns spent in the entire game.
 B = Non-inter-level travel turns spent in this place as a percentage of non-inter-level travel turns spent in the entire game.
 C = Inter-level travel turns spent in this place as a percentage of turns spent in this place.
 D = Turns resting spent in this place as a percentage of non-inter-level travel turns spent in this place.
 E = Turns spent auto-exploring this place as a percentage of non-inter-level travel turns spent in this place.
 F = Non-inter-level travel turns spent in this place divided by the number of levels of this place that you've seen.
                   A       B       C       D       E      F
               +-------+-------+-------+-------+-------+----------------------
         Total | 100.0 | 100.0 |   2.2 |   2.7 |  10.2 | 364.9
       Dungeon | 100.0 | 100.0 |   2.2 |   2.7 |  10.2 | 364.9
               +-------+-------+-------+-------+-------+----------------------

Table legend:
 A = Kills in this place as a percentage of kills in entire the game.
 B = Kills by you in this place as a percentage of kills by you in the entire game.
 C = Kills by friends in this place as a percentage of kills by friends in the entire game.
 D = Other kills in this place as a percentage of other kills in the entire game.
 E = Experience gained in this place as a percentage of experience gained in the entire game.
 F = Experience gained in this place divided by the number of levels of this place that you have seen.
                   A       B       C       D       E      F
               +-------+-------+-------+-------+-------+----------------------
         Total | 100.0 | 100.0 |  -nan |  -nan | 100.0 | 468.0
       Dungeon | 100.0 | 100.0 |  -nan |  -nan | 100.0 | 468.0
               +-------+-------+-------+-------+-------+----------------------

Vanquished Creatures
  Pikel (D:6)
  Grinder (D:3)
  2 sky beasts (D:7)
  A water moccasin (D:5)
  A yellow wasp (D:7)
  3 ogres
  2 ice beasts
  An orc warrior (D:6)
  3 crimson imps
  4 orc priests
  A black bear zombie (D:7)
  A centaur zombie (D:7)
  A jelly (D:6)
  A hound (D:7)
  An orc wizard (D:6)
  2 iguanas (D:4)
  A worker ant (D:5)
  2 hound skeletons
  Terence (D:2)
  4 gnolls (D:6)
  An inept feature mimic (D:7)
  7 adders
  A giant mite (D:2)
  An adder skeleton (D:2)
  An ooze (D:1)
  12 orcs
  A ball python (D:3)
  14 bats
  7 giant cockroaches
  12 goblins
  13 hobgoblins
  4 jackals (D:2)
  7 kobolds
  A quokka (D:5)
  6 giant geckos
  6 giant newts
  A giant spore (D:7)
  7 rats
136 creatures vanquished.

Vanquished Creatures (others)
  A sky beast (D:6)
  A slave (D:6)
  A wight (D:6)
  A bat (D:6)
  A rat (D:7)
5 creatures vanquished.

Grand Total: 141 creatures vanquished

Notes
Turn   | Place    | Note
--------------------------------------------------------------
     0 | D:1      | gw, the Troll Monk, began the quest for the Orb.
     0 | D:1      | Reached XP level 1. HP: 22/22 MP: 1/1
   153 | D:1      | Reached XP level 2. HP: 26/29 MP: 1/1
   711 | D:1      | Reached XP level 3. HP: 36/36 MP: 2/2
  1212 | D:2      | Reached skill level 1 in Throwing
  1263 | D:2      | Reached XP level 4. HP: 41/45 MP: 2/2
  1452 | D:2      | Noticed Terence
  1472 | D:2      | Killed Terence
  2018 | D:3      | Found an iron altar of Okawaru.
  2141 | D:3      | Became a worshipper of Warmaster Okawaru
  2141 | D:3      | Acquired Okawaru's first power
  2168 | D:3      | Noticed Grinder
  2179 | D:3      | Paralysed by Grinder for 3 turns
  2193 | D:3      | Killed Grinder
  2193 | D:3      | Reached skill level 5 in Unarmed Combat
  2193 | D:3      | Reached skill level 1 in Invocations
  2193 | D:3      | Reached XP level 5. HP: 17/53 MP: 3/3
  2193 | D:3      | Reached XP level 6. HP: 19/61 MP: 4/4
  3122 | D:4      | Reached XP level 7. HP: 60/68 MP: 4/4
  3180 | D:4      | Reached skill level 6 in Unarmed Combat
  3320 | D:4      | Found Shum's Distillery.
  3483 | D:4      | Found a staircase to the Ecumenical Temple.
  3555 | D:5      | Entered Level 5 of the Dungeon
  3614 | D:5      | Found a bloodstained altar of Trog.
  3614 | D:5      | Found a glowing golden altar of the Shining One.
  3704 | D:5      | Found a sparkling altar of Nemelex Xobeh.
  3888 | D:5      | Found a snail-covered altar of Cheibriados.
  4264 | D:6      | Reached XP level 8. HP: 56/78 MP: 3/6
  4526 | D:6      | Noticed Pikel
  4556 | D:6      | Killed Pikel
  4556 | D:6      | Reached skill level 7 in Unarmed Combat
  5293 | D:7      | Found a staircase to the Ecumenical Temple.
  5301 | D:7      | the staircase to the Ecumenical Temple was a mimic.
  5437 | D:7      | Reached XP level 9. HP: 87/87 MP: 10/10
  5472 | D:7      | Reached skill level 8 in Unarmed Combat
  5653 | D:7      | Reached skill level 5 in Fighting
  5802 | D:7      | Mangled by an orc warrior

Action                   |  1- 3 |  4- 6 |  7- 9 || total
-------------------------+-------+-------+-------++-------
Melee: Unarmed           |   104 |   109 |   146 ||   359
Throw: Stone             |    33 |    69 |   123 ||   225
       Tomahawk          |       |       |    19 ||    19
Invok: Heroism           |       |     2 |     3 ||     5
Evoke: Wand              |       |       |     1 ||     1
  Use: Scroll            |     8 |     3 |     3 ||    14
       Potion            |     1 |     2 |     4 ||     7
 Stab: Distracted        |       |     1 |       ||     1
  Eat: Chunk             |    17 |    17 |    23 ||    57

Vault maps used:
D:1:      matt_arrival_los_fun, minmay_misc_feat_cross, minmay_bisected
D:2:      uniq_terence
D:3:      okawaru_metal_pillars_1_2, first_bread, uniq_grinder
D:4:      minmay_temple_entry_butterflies, serial_shops, shop
D:5:      lemuel_coloured_pillars_altar, lemuel_crystal_altar,
          grunt_temple_overflow_open
D:6:      uniq_pikel
